[Event "26th Abu Dhabi Master 2019"]
[Site "Abu Dhabi"]
[Date "2019.08.03"]
[Round "2.44"]
[White "Tarini Goyal"]
[Black "Rakesh Kumar Jena"]
[Result "1/2-1/2"]
[ECO "A40"]
[WhiteElo "2038"]
[BlackElo "2395"]
[Annotator "NA"]
[PlyCount "84"]
[EventDate "2019.08.02"]
[EventType "swiss"]
[EventCountry "UAE"]
[SourceTitle "playchess.com"]
[Source "ChessBase"]
[SourceQuality "1"]
[TimeControl "5400+30"]

1. d4 e6 2. c4 b6 3. Bf4 Bb7 4. e3 Nf6 5. Nf3 Be7 6. h3 O-O 7. Nc3 a6 8. Bd3 d5 9. cxd5 exd5 10. O-O Nbd7 11. Rc1 c5 12. Bb1 c4 13. Ne5 b5 14. a3 Re8 15. Qf3 Nf8 16. g4 Ng6 17. Nxg6 hxg6 18. Rfd1 Qd7 19. Be5 a5 20. g5 Nh7 21. h4 b4 22. axb4 axb4 23. Ne2 Bc8 24. Kg2 Ra6 25. Nf4 Rd8 26. Rh1 f6 27. gxf6 gxf6 28. Nxg6 fxe5 29. Nxe5 Qe8 30. Rcg1 Rf6 31. Kf1+ Kh8 32. Qg3 Qg8 33. Ng6+ Rxg6 34. Qxg6 Qxg6 35. Rxg6 Nf8 36. Rg3 Be6 37. Ke2 Rc8 38. Rhg1 c3 39. bxc3 bxc3 40. Bc2 Bf6 41. f3 Rc7 42. h5 Bg7 1/2-1/2

[Event "26th Abu Dhabi Master 2019"]
[Site "Abu Dhabi"]
[Date "2019.08.03"]
[Round "2.45"]
[White "Mrudul Dehankar"]
[Black "Manush Shah"]
[Result "1/2-1/2"]
[ECO "B18"]
[WhiteElo "2074"]
[BlackElo "2373"]
[Annotator "NA"]
[PlyCount "108"]
[EventDate "2019.08.02"]
[EventType "swiss"]
[EventCountry "UAE"]
[SourceTitle "playchess.com"]
[Source "ChessBase"]
[SourceQuality "1"]
[TimeControl "5400+30"]

1. e4 c6 2. d4 d5 3. Nd2 dxe4 4. Nxe4 Bf5 5. Ng3 Bg6 6. h4 h6 7. Nh3 Nf6 8. Nf4 Bh7 9. Bc4 Na6 10. O-O Nc7 11. Ngh5 e6 12. Re1 Qd7 13. c3 O-O-O 14. Nd3 Bxd3 15. Bxd3 Nfd5 16. Qf3 g6 17. Nf6 Nxf6 18. Qxf6 Rg8 19. g3 Nd5 20. Qf3 g5 21. hxg5 hxg5 22. a3 g4 23. Qe2 Bd6 24. c4 Nc7 25. Be3 f5 26. Qd2 Qh7 27. Qa5 Rh8 28. Kf1 Qh1+ 29. Ke2 Qf3+ 30. Kd2 f4 31. gxf4 Bxf4 32. Kc3 e5 33. dxe5 b6 34. Qxa7 Bxe5+ 35. Kc2 Rxd3 36. Kxd3 Rd8+ 37. Kc2 Qe4+ 38. Kc1 Qxc4+ 39. Kb1 Qd3+ 40. Ka2 Qc4+ 41. Kb1 Qe4+ 42. Ka2 Qd5+ 43. Kb1 Nb5 44. Qa6+ Kd7 45. Qa4 Kc7 46. Qc2 Rd7 47. a4 Nd4 48. Bxd4 Bxd4 49. Rd1 Rf7 50. Rd2 Rxf2 51. Rxf2 Bxf2 52. Qxf2 Qd1+ 53. Ka2 Qxa4+ 54. Kb1 Qd1+ 1/2-1/2

[Event "26th Abu Dhabi Master 2019"]
[Site "Abu Dhabi"]
[Date "2019.08.03"]
[Round "2.49"]
[White "Nguyen, Anh Khoi"]
[Black "Wagh Suyog"]
[Result "1/2-1/2"]
[ECO "D15"]
[WhiteElo "2516"]
[BlackElo "2242"]
[Annotator "ChessBase"]
[PlyCount "53"]
[EventDate "2019.08.02"]
[EventType "swiss"]
[EventCountry "UAE"]
[SourceTitle "playchess.com"]
[Source "ChessBase"]
[SourceQuality "1"]
[TimeControl "5400+30"]

1. d4 d5 2. c4 c6 3. Nf3 Nf6 4. Nc3 a6 5. g3 dxc4 6. Ne5 b5 7. Bg2 Bb7 8. b3 cxb3 9. axb3 e6 10. O-O Be7 11. Bb2 O-O 12. Ne4 Nxe4 13. Bxe4 Bd6 14. Qc2 h6 15. Rfc1 Qe7 16. Nxc6 Nxc6 17. Bxc6 Rfb8 18. Qd3 Bxc6 19. Rxc6 a5 20. d5 e5 21. Rac1 a4 22. b4 e4 23. Qe3 Rd8 24. Rb6 Bxb4 25. Rxb5 a3 26. Ba1 Bd6 27. Kg2 1/2-1/2

[Event "26th Abu Dhabi Master 2019"]
[Site "Abu Dhabi"]
[Date "2019.08.03"]
[Round "2.50"]
[White "Kuybokarov, Temur"]
[Black "Paramzina, Anastasya"]
[Result "1-0"]
[ECO "E91"]
[WhiteElo "2511"]
[BlackElo "2300"]
[Annotator "ChessBase"]
[PlyCount "41"]
[EventDate "2019.08.02"]
[EventType "swiss"]
[EventCountry "UAE"]
[SourceTitle "playchess.com"]
[Source "ChessBase"]
[SourceQuality "1"]
[TimeControl "5400+30"]

1. d4 Nf6 2. c4 g6 3. Nc3 Bg7 4. e4 d6 5. Nf3 O-O 6. Be2 Na6 7. O-O e5 8. Be3 h6 9. dxe5 Ng4 10. Bf4 Nxe5 11. Qd2 g5 12. Be3 Be6 13. b3 Nxf3+ 14. Bxf3 Nc5 15. Rac1 a5 16. h3 c6 17. Ne2 f5 18. exf5 Bxf5 19. Bd4 Bxh3 20. Bxg7 Kxg7 21. Qc3+ 1-0

[Event "26th Abu Dhabi Master 2019"]
[Site "Abu Dhabi"]
[Date "2019.08.03"]
[Round "2.51"]
[White "Aakanksha Hagawane"]
[Black "Muradli, Mahammad"]
[Result "0-1"]
[ECO "B93"]
[WhiteElo "2246"]
[BlackElo "2454"]
[Annotator "ChessBase"]
[PlyCount "122"]
[EventDate "2019.08.02"]
[EventType "swiss"]
[EventCountry "UAE"]
[SourceTitle "playchess.com"]
[Source "ChessBase"]
[SourceQuality "1"]
[TimeControl "5400+30"]

1. e4 c5 2. Nf3 d6 3. d4 cxd4 4. Nxd4 Nf6 5. Nc3 a6 6. f4 g6 7. Bd3 Bg7 8. Nf3 Qb6 9. Qe2 Nc6 10. Rb1 O-O 11. Be3 Qc7 12. O-O b5 13. a3 Bb7 14. Qe1 Na5 15. b3 Rac8 16. Bd2 Nc6 17. Kh1 Nd7 18. Nd5 Qd8 19. f5 Nf6 20. Qh4 Ne5 21. fxg6 Nxg6 22. Nxf6+ Bxf6 23. Qh6 Qd7 24. Rbe1 Rc5 25. b4 Bg7 26. Qe3 Rh5 27. Ng1 Bh6 28. Qe2 Bxd2 29. Qxd2 f6 30. Ne2 Ne5 31. Ng3 Rg5 32. Rf5 Rg6 33. Ref1 Kh8 34. Rh5 Rfg8 35. Rh6 Rg5 36. Rh5 Qe8 37. Rxg5 Rxg5 38. Rf5 Rg8 39. Rf4 Bc8 40. Be2 Be6 41. Nf5 Bxf5 42. exf5 Qf7 43. h3 Rg3 44. Qc1 Qd5 45. Rf2 Rxh3+ 46. Kg1 Rg3 47. Kh2 Rg5 48. Qe3 Rg4 49. Qa7 Qd4 50. Qxe7 Rh4+ 51. Kg1 Kg8 52. Qe8+ Kg7 53. Qe7+ Nf7 54. Bf3 Rf4 55. c3 Qxc3 56. Bd5 Qc1+ 57. Kh2 Rh4+ 58. Kg3 Qg5+ 59. Kf3 Rf4+ 60. Ke2 Rxf2+ 61. Kxf2 Qd2+ 0-1

[Event "26th Abu Dhabi Master 2019"]
[Site "Abu Dhabi"]
[Date "2019.08.03"]
[Round "2.52"]
[White "Sankalp Gupta"]
[Black "Bartel, Marta"]
[Result "1-0"]
[ECO "B62"]
[WhiteElo "2416"]
[BlackElo "2260"]
[Annotator "NA"]
[PlyCount "139"]
[EventDate "2019.08.02"]
[EventType "swiss"]
[EventCountry "UAE"]
[SourceTitle "playchess.com"]
[Source "ChessBase"]
[SourceQuality "1"]
[TimeControl "5400+30"]

1. e4 c5 2. Nf3 d6 3. d4 cxd4 4. Nxd4 Nf6 5. Nc3 Nc6 6. Bg5 e6 7. Qd3 a6 8. Nxc6 bxc6 9. O-O-O Be7 10. f4 Qc7 11. Be2 h6 12. Bxf6 gxf6 13. Bh5 Rb8 14. f5 Qb6 15. fxe6 Bxe6 16. b3 Qa5 17. Qf3 Qe5 18. Kb1 Rg8 19. g4 a5 20. h3 Rb4 21. Rhe1 Rb7 22. Ne2 a4 23. Nd4 a3 24. c3 Kd7 25. Kc2 Rgb8 26. Qd3 Kc7 27. Rb1 Rb6 28. Rf1 Qh2+ 29. Ne2 Rd8 30. Rbd1 d5 31. exd5 Bxd5 32. Qg3+ Qxg3 33. Nxg3 Bd6 34. Nf5 Be4+ 35. Kc1 Be5 36. Rxd8 Kxd8 37. Kd2 Bxf5 38. gxf5 Ke7 39. Kd3 Rb8 40. Kc4 Rd8 41. Rf2 Rb8 42. Bf3 Kd6 43. Rg2 Kc7 44. Rg7 Rf8 45. b4 Kb6 46. Bh5 Rd8 47. Rg2 Rd7 48. Rc2 Kc7 49. Be2 Bf4 50. Bd3 Kb6 51. Rg2 Re7 52. Rg8 Re3 53. Ra8 Rxh3 54. Rxa3 Rh1 55. Ra8 Rc1 56. Kb3 h5 57. Rh8 Be5 58. Bc2 Rh1 59. c4 h4 60. c5+ Kc7 61. Rh7 h3 62. Rxf7+ Kb8 63. Be4 Rf1 64. Bxc6 h2 65. Rh7 Rxf5 66. b5 Rg5 67. b6 Rg8 68. a4 Rc8 69. Rb7+ Ka8 70. Ra7+ 1-0

[Event "26th Abu Dhabi Master 2019"]
[Site "Abu Dhabi"]
[Date "2019.08.03"]
[Round "2.53"]
[White "Mendonca, Leon Luke"]
[Black "Pujari, Rucha"]
[Result "1-0"]
[ECO "D02"]
[WhiteElo "2401"]
[BlackElo "2268"]
[Annotator "NA"]
[PlyCount "165"]
[EventDate "2019.08.02"]
[EventType "swiss"]
[EventCountry "UAE"]
[SourceTitle "playchess.com"]
[Source "ChessBase"]
[SourceQuality "1"]
[TimeControl "5400+30"]

1. d4 d5 2. Nf3 c5 3. dxc5 e6 4. e4 Bxc5 5. exd5 Qxd5 6. Qxd5 exd5 7. Nc3 Ne7 8. Nb5 Na6 9. c3 O-O 10. Be2 Re8 11. O-O Nc6 12. Re1 Bg4 13. Bf4 Re4 14. Bg3 Rd8 15. h3 Bh5 16. Kf1 h6 17. Rad1 Nab8 18. b4 Bf8 19. Bc7 Rd7 20. Bxb8 Nxb8 21. Nxa7 g5 22. Nb5 Nc6 23. Nfd4 Bg6 24. Bd3 Rxe1+ 25. Kxe1 Bxd3 26. Rxd3 Ne5 27. Rd1 Nc4 28. a4 Nb2 29. Ra1 Kh7 30. a5 Re7+ 31. Kf1 Nd3 32. Rd1 Nf4 33. Nf5 Rd7 34. g3 Ne6 35. Ne3 d4 36. Nc2 d3 37. Ne3 Kg6 38. Ke1 f5 39. Nc4 Rd5 40. Nba3 Bg7 41. Nb1 f4 42. Nb2 fxg3 43. fxg3 g4 44. h4 Be5 45. Kf2 Kf5 46. Rxd3 Rxd3 47. Nxd3 Bb8 48. Nd2 Ng7 49. Nc5 Nh5 50. Nde4 Ba7 51. Nd6+ Ke5 52. Ndxb7 Kd5 53. Kg2 Nf6 54. a6 Ne8 55. Kf2 Kc4 56. Ke3 Kxc3 57. Kf4 Kxb4 58. Kxg4 Ng7 59. Ne4 Kb5 60. Nbd6+ Kxa6 61. Nf5 Ne6 62. Nxh6 Kb5 63. Nf5 Kc6 64. Nf6 Bb6 65. Ne7+ Kb7 66. Kf5 Ng7+ 67. Kg6 Ne6 68. g4 Bf2 69. h5 Nf4+ 70. Kf7 Nh3 71. Ne4 Be3 72. Kf6 Bd4+ 73. Kf5 Kc7 74. Nf6 Kd6 75. Ned5 Bxf6 76. Kxf6 Nf2 77. Ne3 Ne4+ 78. Kg6 Ke6 79. h6 Nf6 80. g5 Nd7 81. Kg7 Ne5 82. h7 Nf7 83. g6 {Kd5} 1-0

[Event "26th Abu Dhabi Master 2019"]
[Site "Abu Dhabi"]
[Date "2019.08.03"]
[Round "2.54"]
[White "Assaubayeva, Bibisara"]
[Black "Ayyad, Husain"]
[Result "1-0"]
[ECO "D43"]
[WhiteElo "2375"]
[BlackElo "2231"]
[Annotator "NA"]
[PlyCount "69"]
[EventDate "2019.08.02"]
[EventType "swiss"]
[EventCountry "UAE"]
[SourceTitle "playchess.com"]
[Source "ChessBase"]
[SourceQuality "1"]
[TimeControl "5400+30"]

1. Nf3 Nf6 2. c4 e6 3. Nc3 d5 4. d4 c6 5. Bg5 Nbd7 6. cxd5 exd5 7. e3 Be7 8. Bd3 O-O 9. O-O Re8 10. Qc2 h6 11. Bf4 Nh5 12. Nxd5 Nxf4 13. Nxf4 Nf6 14. Bc4 Bd6 15. Nd3 b5 16. Bb3 Bf5 17. Qc3 Rc8 18. Nfe5 Rc7 19. Rad1 Nd5 20. Qd2 a6 21. Rfe1 Bxd3 22. Nxd3 Nf6 23. Qe2 Qe7 24. f4 c5 25. dxc5 Bxc5 26. Ne5 Qf8 27. Kh1 Bb4 28. Rc1 Rec8 29. Rxc7 Rxc7 30. Rd1 Qe8 31. e4 Kf8 32. Qd3 Qa8 33. Bxf7 Nxe4 34. Qb3 Bc5 35. Ng6# 1-0

[Event "26th Abu Dhabi Master 2019"]
[Site "Abu Dhabi"]
[Date "2019.08.03"]
[Round "2.55"]
[White "Rathanvel, V S"]
[Black "Srihari L R"]
[Result "1-0"]
[ECO "B07"]
[WhiteElo "2367"]
[BlackElo "2227"]
[Annotator "NA"]
[PlyCount "145"]
[EventDate "2019.08.02"]
[EventType "swiss"]
[EventCountry "UAE"]
[SourceTitle "playchess.com"]
[Source "ChessBase"]
[SourceQuality "1"]
[TimeControl "5400+30"]

1. e4 d6 2. d4 Nf6 3. Nc3 c6 4. f4 Qa5 5. Bd3 e5 6. Nf3 exd4 7. Nxd4 g6 8. Be3 Bg7 9. h3 O-O 10. O-O Nbd7 11. Qd2 Re8 12. Nb3 Qc7 13. a4 a6 14. Qf2 c5 15. Nd2 b6 16. Be2 Bb7 17. Bf3 Re7 18. Rad1 c4 19. Bd4 Rae8 20. Rfe1 h6 21. Qf1 Rc8 22. e5 dxe5 23. fxe5 Ne8 24. Bxb7 Qxb7 25. Nxc4 Qc6 26. Ne3 Nc7 27. Ng4 Rce8 28. Ne4 h5 29. Ngf6+ Bxf6 30. Nxf6+ Nxf6 31. exf6 Rxe1 32. Rxe1 Rxe1 33. Qxe1 Ne6 34. Bc3 Qxa4 35. Qf2 Qc6 36. Qg3 Kh7 37. Qb8 a5 38. Kh1 a4 39. Qe5 Qd7 40. Qe4 b5 41. Kh2 Qc7+ 42. Be5 Qc5 43. c3 Qa7 44. Bd6 Qd7 45. Qe5 Qc6 46. Kg3 Qc4 47. Kh2 Qd3 48. Be7 h4 49. Kg1 Qb1+ 50. Kh2 Qxb2 51. Qxe6 fxe6 52. f7 Qxc3 53. f8=Q Qg3+ 54. Kg1 Qe3+ 55. Qf2 Qc1+ 56. Qf1 Qxf1+ 57. Kxf1 Kg7 58. Ke2 Kf7 59. Bxh4 b4 60. Bg5 e5 61. Kd3 b3 62. Bc1 Ke6 63. Ke4 Kd6 64. Ba3+ Ke6 65. h4 Kf6 66. g4 Ke6 67. g5 Kf7 68. Kxe5 Kg7 69. Ke6 Kh8 70. Kf7 Kh7 71. h5 gxh5 72. g6+ Kh6 73. Bc1# 1-0

[Event "26th Abu Dhabi Master 2019"]
[Site "Abu Dhabi"]
[Date "2019.08.03"]
[Round "2.56"]
[White "Tabada, Jobannie C."]
[Black "Raja Rithvik R"]
[Result "1-0"]
[ECO "C77"]
[WhiteElo "2216"]
[BlackElo "2357"]
[Annotator "NA"]
[PlyCount "135"]
[EventDate "2019.08.02"]
[EventType "swiss"]
[EventCountry "UAE"]
[SourceTitle "playchess.com"]
[Source "ChessBase"]
[SourceQuality "1"]
[TimeControl "5400+30"]

1. e4 e5 2. Nf3 Nc6 3. Bb5 a6 4. Ba4 Nf6 5. d3 b5 6. Bb3 Bc5 7. O-O d6 8. c3 O-O 9. Be3 Bxe3 10. fxe3 Na5 11. Bc2 c5 12. Nbd2 Nc6 13. Qe1 Ne7 14. Nh4 Ng6 15. Nf5 Be6 16. a4 Qd7 17. h3 d5 18. Qf2 Bxf5 19. exf5 Ne7 20. g4 h6 21. Qg3 Rae8 22. Rf2 c4 23. dxc4 bxc4 24. g5 hxg5 25. Qxg5 Nh7 26. Qg3 f6 27. e4 Rd8 28. exd5 Nxd5 29. Nxc4 Nf4 30. h4 Qc6 31. b3 Kh8 32. Kh2 Rd7 33. Rg1 Rfd8 34. Re1 Qc5 35. Qe3 Qc7 36. Qb6 Qxb6 37. Nxb6 Rd2 38. Ref1 Ne2 39. Be4 Nxc3 40. Bg2 R2d4 41. Rc2 Rxh4+ 42. Kg3 Rb4 43. Rxc3 Rxb6 44. Bd5 Rbd6 45. Bc4 a5 46. Rh1 R6d7 47. Rc2 g5 48. fxg6 Rg7 49. Rxh7+ Rxh7 50. gxh7 Kxh7 51. Be6 Kg6 52. Rc5 Rd3+ 53. Kf2 Kg5 54. Rxa5 Kf4 55. Ke2 Rd6 56. Bc4 f5 57. Ra6 Rd7 58. Rf6 Rh7 59. Be6 Rh2+ 60. Kf1 e4 61. Rxf5+ Ke3 62. a5 Ra2 63. Bc4 Ra1+ 64. Kg2 Ra2+ 65. Kg3 Ra1 66. a6 Rg1+ 67. Kh2 Rg7 68. Rf7 1-0

[Event "26th Abu Dhabi Master 2019"]
[Site "Abu Dhabi"]
[Date "2019.08.03"]
[Round "2.57"]
[White "Kulkarni, Rakesh"]
[Black "Ajay Karthikeyan"]
[Result "1/2-1/2"]
[ECO "B22"]
[WhiteElo "2360"]
[BlackElo "2216"]
[Annotator "NA"]
[PlyCount "64"]
[EventDate "2019.08.02"]
[EventType "swiss"]
[EventCountry "UAE"]
[SourceTitle "playchess.com"]
[Source "ChessBase"]
[SourceQuality "1"]
[TimeControl "5400+30"]

1. e4 c5 2. c3 Nf6 3. e5 Nd5 4. Nf3 Nc6 5. d4 cxd4 6. cxd4 d6 7. Bc4 dxe5 8. dxe5 Ndb4 9. Qxd8+ Nxd8 10. Na3 Bg4 11. Nd4 a6 12. h3 Bd7 13. O-O e6 14. Be2 Ndc6 15. Nxc6 Bxc6 16. Bd2 Be7 17. Nc4 O-O 18. Rfd1 Rfd8 19. Na5 Be4 20. Bc3 Rxd1+ 21. Bxd1 Rd8 22. Bb3 Nd3 23. Rd1 Nf4 24. f3 Bc5+ 25. Kh2 Rxd1 26. Bxd1 Bd5 27. b4 Be3 28. Nb3 Nd3 29. g3 Bf2 30. a3 Be1 31. Bxe1 Nxe1 32. Nd4 g5 1/2-1/2

[Event "26th Abu Dhabi Master 2019"]
[Site "Abu Dhabi"]
[Date "2019.08.03"]
[Round "2.58"]
[White "Pranav Anand"]
[Black "Eynullayev, Altay"]
[Result "0-1"]
[ECO "D97"]
[WhiteElo "2347"]
[BlackElo "2188"]
[Annotator "NA"]
[PlyCount "99"]
[EventDate "2019.08.02"]
[EventType "swiss"]
[EventCountry "UAE"]
[SourceTitle "playchess.com"]
[Source "ChessBase"]
[SourceQuality "1"]
[TimeControl "5400+30"]

1. d4 Nf6 2. c4 g6 3. Nc3 d5 4. Nf3 Bg7 5. Qb3 dxc4 6. Qxc4 O-O 7. e4 a6 8. Be2 b5 9. Qb3 Nc6 10. d5 Na5 11. Qb4 c6 12. Be3 cxd5 13. exd5 Bb7 14. Rd1 Rc8 15. Bc5 Nc4 16. Qa3 Nd6 17. O-O Re8 18. Bb4 Nfe4 19. Ba5 Qd7 20. Nxe4 Nxe4 21. Qe3 Nf6 22. Ne5 Qd6 23. Qf4 Rf8 24. Nd3 Qxf4 25. Nxf4 Bh6 26. Nd3 Bxd5 27. Nb4 Bb7 28. Ra1 Nd7 29. a4 bxa4 30. Rxa4 Nc5 31. Ra2 Bg7 32. Bb6 Nd7 33. Be3 Nb8 34. Nxa6 Nxa6 35. Bxa6 Bxa6 36. Rxa6 Bxb2 37. g3 Ra8 38. Rb6 Bf6 39. h4 Ra1 40. Kg2 Rd8 41. Rxa1 Bxa1 42. Kf1 Rd7 43. Kg2 f5 44. h5 Bf6 45. hxg6 hxg6 46. g4 e5 47. gxf5 gxf5 48. Bc1 f4 49. f3 Rd5 50. Bd2 0-1

[Event "26th Abu Dhabi Master 2019"]
[Site "Abu Dhabi"]
[Date "2019.08.03"]
[Round "2.59"]
[White "Priyanka, K."]
[Black "Moksh Amit Doshi"]
[Result "1/2-1/2"]
[ECO "C91"]
[WhiteElo "2201"]
[BlackElo "2229"]
[Annotator "NA"]
[PlyCount "80"]
[EventDate "2019.08.02"]
[EventType "swiss"]
[EventCountry "UAE"]
[SourceTitle "playchess.com"]
[Source "ChessBase"]
[SourceQuality "1"]
[TimeControl "5400+30"]

1. e4 e5 2. Nf3 Nc6 3. Bb5 a6 4. Ba4 Nf6 5. O-O Be7 6. Re1 b5 7. Bb3 d6 8. c3 O-O 9. d4 Bg4 10. d5 Na5 11. Bc2 Qc8 12. h3 Bh5 13. Nbd2 c6 14. dxc6 Qxc6 15. Nf1 Nc4 16. Ng3 Bg6 17. Nh4 Rfd8 18. Nhf5 Bf8 19. a4 d5 20. Qf3 d4 21. axb5 axb5 22. Rxa8 Qxa8 23. Rd1 Qa2 24. cxd4 Nxb2 25. Bb3 Qb1 26. Bxb2 Qxb2 27. dxe5 Rxd1+ 28. Qxd1 Qxe5 29. Qd4 Qe8 30. e5 Nd7 31. Nd6 Bxd6 32. exd6 h5 33. Nf1 Qe1 34. Qd5 Qb4 35. Qc6 Nf8 36. Bd5 h4 37. Qc7 Qf4 38. Qe7 Qb4 39. Qc7 Qf4 40. Qe7 Qb4 1/2-1/2

[Event "26th Abu Dhabi Master 2019"]
[Site "Abu Dhabi"]
[Date "2019.08.03"]
[Round "2.60"]
[White "Nandhidhaa, P V"]
[Black "Adnan, Habib"]
[Result "1-0"]
[ECO "C15"]
[WhiteElo "2259"]
[BlackElo "2197"]
[Annotator "NA"]
[PlyCount "93"]
[EventDate "2019.08.02"]
[EventType "swiss"]
[EventCountry "UAE"]
[SourceTitle "playchess.com"]
[Source "ChessBase"]
[SourceQuality "1"]
[TimeControl "5400+30"]

1. e4 e6 2. d4 d5 3. Nc3 Bb4 4. exd5 exd5 5. Bd3 Nc6 6. Nf3 Nge7 7. O-O Bf5 8. Bxf5 Nxf5 9. Qd3 Qd7 10. Re1+ Nfe7 11. a3 Bxc3 12. Qxc3 f6 13. Qb3 b6 14. Qa4 a6 15. Bd2 b5 16. Qb3 O-O 17. a4 Rfb8 18. axb5 Rxb5 19. Qxb5 axb5 20. Rxa8+ Kf7 21. Bf4 Qf5 22. Bxc7 Qxc2 23. Bd6 Nf5 24. Bc5 h5 25. Rc8 Nb4 26. Rf8+ Kg6 27. Bxb4 Qxb2 28. Bc5 b4 29. Rfe8 h4 30. h3 Qc3 31. R8e2 Kh5 32. Rb1 g5 33. Reb2 g4 34. hxg4+ Kxg4 35. Rxb4 h3 36. R4b3 Qc2 37. Ne1 h2+ 38. Kxh2 Qxf2 39. Rf3 Qe2 40. Rb8 Qe6 41. Nd3 Qf7 42. Nf2+ Kg5 43. Nh3+ Kg6 44. Nf4+ Kg5 45. Rh8 Ng7 46. Rh7 Kg4 47. Rxg7+ 1-0

[Event "26th Abu Dhabi Master 2019"]
[Site "Abu Dhabi"]
[Date "2019.08.03"]
[Round "2.61"]
[White "Soham Datar"]
[Black "Aronyak Ghosh"]
[Result "0-1"]
[ECO "A01"]
[WhiteElo "2129"]
[BlackElo "2349"]
[Annotator "NA"]
[PlyCount "66"]
[EventDate "2019.08.02"]
[EventType "swiss"]
[EventCountry "UAE"]
[SourceTitle "playchess.com"]
[Source "ChessBase"]
[SourceQuality "1"]
[TimeControl "5400+30"]

1. b3 d5 2. Bb2 Bg4 3. f3 Bf5 4. e3 Nf6 5. Ne2 e6 6. Ng3 Bg6 7. f4 h5 8. f5 Bxf5 9. Nxf5 exf5 10. Qf3 g6 11. Nc3 c6 12. Bd3 Nbd7 13. Ne2 Bd6 14. O-O-O Ne5 15. Qf1 Qe7 16. Bxf5 gxf5 17. Nd4 Bc7 18. Nxf5 Qf8 19. e4 dxe4 20. d4 Ned7 21. d5 Nxd5 22. Ng7+ Kd8 23. c4 Nf4 24. Nf5 Kc8 25. g3 Nd3+ 26. Rxd3 exd3 27. Qxd3 Ne5 28. Qe4 f6 29. Rd1 a5 30. Nd4 a4 31. Qf5+ Kb8 32. Ne6 Qh6+ 33. Kb1 Qh7 0-1

[Event "26th Abu Dhabi Master 2019"]
[Site "Abu Dhabi"]
[Date "2019.08.03"]
[Round "2.62"]
[White "Kathmale, Sameer"]
[Black "Krzywda, Andrzej"]
[Result "1-0"]
[ECO "D60"]
[WhiteElo "2326"]
[BlackElo "2190"]
[Annotator "NA"]
[PlyCount "97"]
[EventDate "2019.08.02"]
[EventType "swiss"]
[EventCountry "UAE"]
[SourceTitle "playchess.com"]
[Source "ChessBase"]
[SourceQuality "1"]
[TimeControl "5400+30"]

1. d4 Nf6 2. Nf3 e6 3. Bg5 d5 4. e3 Be7 5. c4 O-O 6. Nc3 Nbd7 7. cxd5 exd5 8. Bd3 c6 9. Qc2 Re8 10. O-O g6 11. a3 a5 12. Na4 Ne4 13. Bxe7 Qxe7 14. Bxe4 dxe4 15. Nd2 Nf6 16. Nb6 Ra6 17. Qc5 Qc7 18. Ndc4 Be6 19. b4 axb4 20. axb4 Rxa1 21. Rxa1 Bxc4 22. Nxc4 Rd8 23. b5 Ng4 24. g3 Qd7 25. bxc6 bxc6 26. Ra7 Qd5 27. h3 Qxc5 28. dxc5 Rd1+ 29. Kg2 Rc1 30. Nd6 Ne5 31. g4 Rxc5 32. g5 Rc2 33. Nxe4 Kg7 34. h4 Ng4 35. Kg3 h5 36. Rc7 Rc1 37. Nd6 Rg1+ 38. Kf3 Rf1 39. Rxf7+ Kg8 40. Ke2 Rh1 41. Re7 Rxh4 42. f3 Rh2+ 43. Kd3 Nf2+ 44. Kd4 Nd1 45. Ne4 h4 46. Ke5 Nxe3 47. Nf6+ Kf8 48. Ke6 Re2 49. Rf7# 1-0

[Event "26th Abu Dhabi Master 2019"]
[Site "Abu Dhabi"]
[Date "2019.08.03"]
[Round "2.63"]
[White "Utsab Chatterjee"]
[Black "Krishnater Kushager"]
[Result "1-0"]
[ECO "B33"]
[WhiteElo "2150"]
[BlackElo "2324"]
[Annotator "NA"]
[PlyCount "107"]
[EventDate "2019.08.02"]
[EventType "swiss"]
[EventCountry "UAE"]
[SourceTitle "playchess.com"]
[Source "ChessBase"]
[SourceQuality "1"]
[TimeControl "5400+30"]

1. e4 c5 2. Nf3 Nc6 3. d4 cxd4 4. Nxd4 Nf6 5. Nc3 e5 6. Ndb5 d6 7. Bg5 a6 8. Na3 b5 9. Bxf6 gxf6 10. Nd5 f5 11. Bd3 Be6 12. c4 Bxd5 13. exd5 Ne7 14. cxb5 Bg7 15. bxa6 O-O 16. Qd2 e4 17. Bc4 Ng6 18. Rb1 f4 19. b4 Nh4 20. b5 Qg5 21. b6 Rae8 22. Kd1 Qxg2 23. Qxf4 e3 24. Qxh4 Qxh1+ 25. Kc2 Qf3 26. Bd3 h6 27. b7 e2 28. Qb4 Qxd5 29. Nc4 Qd4 30. a3 e1=N+ 31. Rxe1 Qxf2+ 32. Qd2 Qa7 33. Rxe8 Rxe8 34. Nxd6 Rd8 35. Qb4 Be5 36. Qg4+ Kf8 37. Qc8 Qf2+ 38. Kb3 Qb6+ 39. Nb5 Ke7 40. Qf5 Rd5 41. a4 Qe3 42. Kc4 Qc5+ 43. Kb3 Qe3 44. Kc4 Rc5+ 45. Kb3 Qd2 46. Qxe5+ Rxe5 47. b8=Q Qxd3+ 48. Nc3 Re1 49. Qb4+ Kd8 50. Qh4+ Re7 51. a7 Qa6 52. Qd4+ Kc8 53. Qh8+ Kb7 54. Qb8+ 1-0

[Event "26th Abu Dhabi Master 2019"]
[Site "Abu Dhabi"]
[Date "2019.08.03"]
[Round "2.64"]
[White "Zhang, Xiaowen"]
[Black "Arjun C Krishnamachari"]
[Result "1/2-1/2"]
[ECO "C62"]
[WhiteElo "2318"]
[BlackElo "2212"]
[Annotator "NA"]
[PlyCount "34"]
[EventDate "2019.08.02"]
[EventType "swiss"]
[EventCountry "UAE"]
[SourceTitle "playchess.com"]
[Source "ChessBase"]
[SourceQuality "1"]
[TimeControl "5400+30"]

1. e4 e5 2. Nf3 Nc6 3. Bb5 d6 4. d4 exd4 5. Nxd4 Bd7 6. Nc3 Nf6 7. Bxc6 Bxc6 8. Nxc6 bxc6 9. Qd4 Be7 10. O-O O-O 11. Qc4 c5 12. Bg5 Rb8 13. b3 Re8 14. f3 Qc8 15. a3 Qe6 16. Qd3 Qe5 17. Be3 c6 1/2-1/2

[Event "26th Abu Dhabi Master 2019"]
[Site "Abu Dhabi"]
[Date "2019.08.03"]
[Round "2.65"]
[White "Chitlange Sakshi"]
[Black "Pranav, V."]
[Result "0-1"]
[ECO "A45"]
[WhiteElo "2168"]
[BlackElo "2316"]
[Annotator "NA"]
[PlyCount "178"]
[EventDate "2019.08.02"]
[EventType "swiss"]
[EventCountry "UAE"]
[SourceTitle "playchess.com"]
[Source "ChessBase"]
[SourceQuality "1"]
[TimeControl "5400+30"]

1. d4 Nf6 2. Bf4 c5 3. d5 b5 4. c4 Bb7 5. e4 Nxe4 6. cxb5 e6 7. dxe6 fxe6 8. Nf3 Be7 9. Be2 O-O 10. Be3 d5 11. O-O Bd6 12. Nbd2 Nf6 13. Bg5 Nbd7 14. Bh4 Qc7 15. Qc2 Rae8 16. Rad1 e5 17. Bg3 e4 18. Bxd6 Qxd6 19. Ne1 d4 20. Nc4 Qc7 21. f3 d3 22. Nxd3 exd3 23. Bxd3 Kh8 24. Bf5 Re7 25. Rfe1 Nb6 26. Na5 Ba8 27. Nc6 Rxe1+ 28. Rxe1 c4 29. Ne5 Re8 30. f4 Nbd5 31. Bxh7 Nxf4 32. Ng6+ Nxg6 33. Rxe8+ Kxh7 34. Rxa8 Ng4 35. g3 Qc5+ 36. Kh1 Qd5+ 37. Qg2 Qd1+ 38. Qg1 Nf2+ 39. Kg2 Qd5+ 40. Kxf2 Qxa8 41. Qd1 Qf8+ 42. Kg2 Qf5 43. a4 Ne5 44. Qe2 Nd3 45. h4 Qd5+ 46. Kh2 Kg6 47. Qe8+ Kf5 48. Qf8+ Kg6 49. Qe8+ Kh7 50. Qe2 Qf5 51. Kg2 Qg6 52. Kh2 Qf7 53. a5 Qd5 54. b6 axb6 55. axb6 Nc5 56. Qe3 Nd7 57. Qf2 Ne5 58. Qf5+ g6 59. Qf4 Nf3+ 60. Kh3 Ne5 61. Kh2 Kg8 62. b7 Qb5 63. Kh3 Qd7+ 64. Kh2 Qd6 65. Kh3 Qd7+ 66. Kh2 Qb5 67. Kh3 Nd7 68. Qc7 Kf8 69. Qd6+ Kf7 70. Qf4+ Ke6 71. Qe4+ Ne5 72. h5 gxh5 73. Qh7 Nd7 74. Qh6+ Ke7 75. Qg7+ Kd6 76. Qd4+ Kc7 77. Qa7 Nb8 78. Qd4 Kxb7 79. g4 hxg4+ 80. Kxg4 Qd7+ 81. Qxd7+ Nxd7 82. Kf3 Kc6 83. Ke3 Kc5 84. Kd2 Kb4 85. Kc2 Nc5 86. Kb1 Kb3 87. Ka1 Nd3 88. Kb1 Nxb2 89. Kc1 c3 0-1

[Event "26th Abu Dhabi Master 2019"]
[Site "Abu Dhabi"]
[Date "2019.08.03"]
[Round "2.66"]
[White "Mithil, Ajgaonkar"]
[Black "Mohamed, Faisal"]
[Result "*"]
[ECO "D45"]
[WhiteElo "2314"]
[BlackElo "2150"]
[Annotator "NA"]
[PlyCount "25"]
[EventDate "2019.08.02"]
[EventType "swiss"]
[EventCountry "UAE"]
[SourceTitle "playchess.com"]
[Source "ChessBase"]
[SourceQuality "1"]
[TimeControl "5400+30"]

1. d4 d5 2. c4 c6 3. e3 Nf6 4. Nc3 e6 5. Nf3 Nbd7 6. Qc2 Bd6 7. b3 O-O 8. Bd3 e5 9. cxd5 cxd5 10. Nb5 Bb8 11. Nd2 a6 12. dxe5 Nxe5 13. Nd4 *